 Dungeon Crawl Stone Soup version 0.31.0-12-g77e489cdc1 (webtiles) character file.

Game seed: 11449583648022128273

415 spaghetti the Shooter (level 6, -1/43 HPs)
             Began as a Demonspawn Hunter on Feb 15, 2024.
             Was a Priest of Ru.
             Slain by a black bear (5 damage)
             ... on level 5 of the Dungeon.
             The game lasted 00:06:24 (3237 turns).

spaghetti the Shooter (Demonspawn Hunter)           Turns: 3237, Time: 00:06:25

Health: -1/43      AC:  6    Str: 15    XL:     6   Next: 60%
Magic:  10/10      EV:  9    Int:  9    God:    Ru [***...]
Gold:   50         SH:  0    Dex: 17    Spells: 11/11 levels left

rFire   + . .        h - +4 sling
rCold   . . .        (shield unavailable)
rNeg    . . .        q - +2 chain mail {rF+}
rPois   +            (no helmet)
rElec   .            (no cloak)
rCorr   .            (no gloves)
SInv    .            (no boots)
Will    .....        l - amulet of regeneration Stlth
                     (ring unavailable)
HPRegen 1.07/turn    n - ring of poison resistance
MPRegen 0.12/turn

%: no passive effects
@: unable to drink
A: missing a hand, no stealth, sturdy frame 2, demonic touch 1, deformed body,
frail 1, strong 1, evolution 1, inability to drink after injury 1
a: Renounce Religion, Draw Out Power


You were on level 5 of the Dungeon.
You worshipped Ru.
Ru was most pleased with you.
You visited 1 branch of the dungeon, and saw 5 of its levels.

You collected 297 gold pieces.
You spent 247 gold pieces at shops.

Inventory:

Hand Weapons
 a - a +0 shortbow
 h - a +4 sling (weapon)
Armour
 c - a +0 leather armour
 q - a +2 chain mail of fire resistance (worn)
Jewellery
 l - an amulet of regeneration (around neck)
 n - a ring of poison resistance (right hand)
Wands
 e - a wand of mindburst (3)
Scrolls
 b - 2 scrolls of fear
 d - a scroll of poison
 f - a scroll of silence
 g - a scroll of noise
 o - a scroll of vulnerability
 p - a scroll of teleportation
Potions
 i - a potion of enlightenment
 j - a potion of might
 k - 3 potions of curing
 m - 2 potions of attraction
 r - 2 potions of lignification {unknown}


   Skills:
 + Level 4.2 Fighting
 + Level 5.3 Ranged Weapons
 - Level 1.7 Dodging
 + Level 3.2 Spellcasting


You had 11 spell levels left.
You didn't know any spells.
Your spell library contained the following spells:

 Spells                   Type           Power      Damage    Failure   Level
 Necrotise                Necr           4%         1d4       77%         1
 Vampiric Draining        Necr           1%         2d6       98%         3
 Martyr's Knell           Necr/Summ      1%         N/A       100%        4
 Curse of Agony           Necr           1%         N/A       100%        5


Dungeon Overview and Level Annotations

Branches:
Dungeon (5/15)
 Temple: D:4-7

Altars:
Ru
Xom

Shops:
D:2 (   D:3 !


Innate Abilities, Weirdness & Mutations

You are missing a hand.
You cannot be stealthy.
Your movements are less encumbered by armour. (ER -4)
Your touch may inflict minor irresistible damage on your foes.
Armour fits poorly on your strangely shaped body.
You are frail. (-10% HP)
Your muscles are strong. (Str +4, Int/Dex -1)
You have hidden genetic potential.
You occasionally lose the ability to drink potions when taking damage.


Message History

You shoot a sling bullet.
The sling bullet barely misses the black bear.
The orc shouts!
The sling bullet hits the orc!
You kill the orc!
You hear a shout!
The black bear goes berserk!
Fire: h) +4 sling
Press: ? - help, Q - select action, (/) - cycle Shift-Dir - straight line, f/p - black bear
Aim: a black bear (severely wounded, berserk, 72% to hit)
You shoot a sling bullet. The sling bullet hits the black bear!
The black bear is almost dead.
The black bear bites you.
The black bear claws you but does no damage. x2
An orc comes into view. It is wielding a +0 dagger.
The black bear bites you!
You feel threatened and lose the ability to drink potions!
You focus your inner power and blind the black bear in retribution!
The black bear closely misses you. The black bear barely misses you.
Fire: h) +4 sling
Press: ? - help, Q - select action, (/) - cycle Shift-Dir - straight line, f/p - black bear
Aim: a black bear (almost dead, berserk, blind, unable to see you, 72% to hit)
You shoot a sling bullet. The sling bullet hits the black bear.
The black bear is almost dead.
The black bear barely misses you. The black bear closely misses you.
The black bear barely misses you. The black bear bites you!
The black bear closely misses you.
The black bear claws you but does no damage.
Aiming: Mindburst
Press: ? - help, Shift-Dir - straight line, f/p - black bear
Aim: a black bear (almost dead, berserk, blind, unable to see you, chance to affect: 64%)
The black bear struggles to resist.
The black bear bites you! The black bear barely misses you.
The black bear completely misses you.
The orc priest looks encouraged for a moment.
The black bear bites you.
* * * LOW HITPOINT WARNING * * *
The black bear claws you.
* * * LOW HITPOINT WARNING * * *
The black bear claws you.
You die...

# .. #. #.## #....
..... ##### ......
## .)...### >.....
.#
...##...###......
.##
#.....@ho)o.....
..#####
########o.......
......###
##.........
.####...##
###..#.##.... ##
###..#####...##..#
#.# ####.......###
#.# . #.......####
..
#####.#####...#####
#..
......####.........
...


You could see a black bear (berserk, blind, unable to see you), an orc priest
and 2 orcs.

Vanquished Creatures
  A scorpion (D:5)
  4 bombardier beetles
  Ijyb (D:5)
  7 adders
  5 dart slugs
  7 orcs
  5 ball pythons
  8 endoplasms
  7 hobgoblins
  2 jackals (D:4)
  2 quokkas
  11 bats
  3 frilled lizards (D:1)
  5 goblins
  6 kobolds
  9 rats
83 creatures vanquished.

Vanquished Creatures (others)
  An iguana (D:5)
  An orc wizard (D:3)
2 creatures vanquished.

Grand Total: 85 creatures vanquished

Notes
Turn   | Place    | Note
-------+----------+-------------------------------------------
     0 | D:1      | spaghetti the Demonspawn Hunter began the quest for the
                  | Orb.
     0 | D:1      | Reached XP level 1. HP: 16/16 MP: 1/1
   195 | D:1      | Found a faded altar of an unknown god.
   203 | D:1      | Prayed at the altar of an unknown god.
   203 | D:1      | Became a worshipper of Ru the Awakened
   225 | D:1      | Gained mutation: You are missing a hand. [Ru sacrifice]
   225 | D:1      | Reached * piety under Ru
   225 | D:1      | Reached ** piety under Ru
   281 | D:1      | Reached skill level 4 in Ranged Weapons
   284 | D:1      | Gained mutation: Your movements are slightly less
                  | encumbered by armour. (ER -2) [demonic ancestry]
   284 | D:1      | Reached XP level 2. HP: 4/22 MP: 2/2
   854 | D:2      | Reached XP level 3. HP: 27/27 MP: 4/4
   944 | D:2      | Found Vopriema's Weapon Shop.
  1072 | D:2      | Reached skill level 1 in Spellcasting
  1171 | D:2      | Found a shimmering altar of Xom.
  1605 | D:3      | Reached XP level 4. HP: 34/34 MP: 4/6
  2022 | D:3      | Gained mutation: Your movements are less encumbered by
                  | armour. (ER -4) [demonic ancestry]
  2022 | D:3      | Reached XP level 5. HP: 40/41 MP: 8/8
  2094 | D:3      | Found Pulewom's Distillery.
  2100 | D:3      | Bought a potion of curing for 39 gold pieces
  2134 | D:3      | Gained mutation: You cannot be stealthy. [Ru sacrifice]
  2134 | D:3      | Reached *** piety under Ru
  2673 | D:3      | Bought 2 potions of mutation for 208 gold pieces
  2673 | D:3      | Gained mutation: Armour fits poorly on your strangely
                  | shaped body. [potion of mutation]
  2673 | D:3      | Gained mutation: You are frail. (-10% HP) [potion of
                  | mutation]
  2673 | D:3      | Gained mutation: Your flesh is cold resistant. (rC+)
                  | [potion of mutation]
  2674 | D:3      | Lost mutation: Your flesh is cold resistant. (rC+) [potion
                  | of mutation]
  2674 | D:3      | Lost mutation: Armour fits poorly on your strangely shaped
                  | body. [potion of mutation]
  2674 | D:3      | Gained mutation: Armour fits poorly on your strangely
                  | shaped body. [potion of mutation]
  2674 | D:3      | Gained mutation: You occasionally lose the ability to drink
                  | potions when taking damage. [potion of mutation]
  2674 | D:3      | Gained mutation: You have hidden genetic potential. [potion
                  | of mutation]
  2780 | D:4      | Reached skill level 5 in Ranged Weapons
  2932 | D:4      | Gained mutation: Your touch may inflict minor irresistible
                  | damage on your foes. [demonic ancestry]
  2932 | D:4      | Reached XP level 6. HP: 43/43 MP: 10/10
  3094 | D:5      | Entered Level 5 of the Dungeon
  3111 | D:5      | Noticed Ijyb
  3121 | D:5      | Killed Ijyb
  3131 | D:5      | Gained mutation: Your muscles are strong. (Str +4, Int/Dex
                  | -1) [hidden potential]
  3237 | D:5      | Slain by a black bear

Illustrated notes

Levels and vault maps discovered:
D:1:      dpeg_arrival_pits, layout_loops_ring,
          dilly_ecumenical_altar_fadedgnrine
D:2:      layout_basic, basic_altar, serial_shops,
          nicolae_shop_pleasant_corner_grove
D:3:      layout_basic, serial_shops, shop, minmay_fractal_squares_5
D:4:      layout_cave_pools, st_stairs_12, skrybe_limestone_x
D:5:      layout_rooms, uniq_ijyb

Skill      XL: |  1  2  3  4  5  6 |
---------------+-------------------+-----
Ranged Weapons | 4 5 |  5.3
Spellcasting   | 1 2 3 |  3.2
Fighting       | 3 4 |  4.2
Dodging        | |  1.7

Action                     |  1- 3 |  4- 6 || total
---------------------------+-------+-------++-------
   Fire: Shortbow          |    11 |       ||    11
         Sling             |    73 |   160 ||   233
 Invoke: Sacrifice a Hand  |     1 |       ||     1
         Sacrifice Stealth |       |     1 ||     1
  Evoke: Wand              |       |     1 ||     1
    Use: Scroll            |     8 |     4 ||    12
         Potion            |       |     2 ||     2
 Armour: Leather armour    |    12 |    27 ||    39
         Chain mail        |       |    19 ||    19
  Dodge: Dodged            |    10 |    52 ||    62
